 Dungeon Crawl Stone Soup version 0.18-a0-1481-g708b138 (webtiles) character file.

2176 Ratboiler the Cleaver (level 9, 0/70 HPs)
             Began as a Hill Orc Abyssal Knight on Mar 2, 2016.
             Was an Elder of Lugonu.
             Slain by an orc warrior
             ... wielding a +0 battleaxe
              (23 damage)
             ... on level 7 of the Dungeon.
             The game lasted 00:39:14 (8826 turns).

Ratboiler the Cleaver (Hill Orc Abyssal Knight)     Turns: 8826, Time: 00:39:14

Health: 0/70       AC:  6    Str: 15    XL:     9   Next: 32%
Magic:  16/16      EV: 11    Int: 12    God:    Lugonu [****..]
Gold:   64         SH:  0    Dex: 13    Spells: 0 memorised, 8 levels left

rFire  . . .     SeeInvis .     b - +0 arbalest
rCold  . . .     Gourm    .     o - +2 leather armour {rPois}
rNeg   . . .     Faith    .     (shield currently unavailable)
rPois  +         Spirit   .     (no helmet)
rElec  .         Dismiss  .     (no cloak)
rCorr  .         Reflect  .     G - +0 pair of gloves
SustAt .         Harm     .     (no boots)
MR     .....                    (no amulet)
Stlth  +++.......               e - ring of stealth
                                L - ring of stealth

@: not resistant to hostile enchantments, fairly stealthy
A: no striking features
a: Depart the Abyss, Bend Space, Banish, Corrupt, Renounce Religion


You were on level 7 of the Dungeon.
You worshipped Lugonu.
Lugonu was greatly pleased with you.
You were not hungry.

You visited 1 branch of the dungeon, and saw 7 of its levels.
You visited the Abyss 1 time.

You collected 208 gold pieces.
You spent 144 gold pieces at shops.

Inventory:

Hand Weapons
 a - a +2 whip of freezing
 b - a +0 arbalest (weapon)
 h - a -2 hunting sling
 n - a +1 hand axe
 r - a +2 hunting sling of velocity
 w - a +0 hand crossbow
 J - a +0 blowgun
Missiles
 f - 12 tomahawks
 i - 20 poisoned needles
 j - 216 stones
 m - 39 sling bullets
 x - 7 bolts of penetration (quivered)
 y - 15 javelins
 A - 7 curare-tipped needles
 F - 38 bolts
Armour
 l - a +0 shield
 o - a +2 leather armour of poison resistance (worn)
 G - a +0 pair of gloves (worn)
Jewellery
 e - a ring of stealth (right hand)
 k - an uncursed ring of fire
 p - an uncursed ring of flight
 v - an uncursed ring of fire
 z - an uncursed ring of protection from cold
 B - an uncursed ring of flight
 L - a ring of stealth (left hand)
Scrolls
 q - a scroll of noise
 H - a scroll of blinking
 I - 2 scrolls of remove curse
 M - a scroll of magic mapping {unknown}
Potions
 s - a potion of ambrosia {unknown}
 t - 2 potions of lignification
 u - a potion of might {unknown}
 D - a potion of brilliance {unknown}
 E - a potion of cancellation {unknown}
 K - 2 potions of heal wounds {unknown}
Comestibles
 c - 2 bread rations
 d - 2 meat rations
 g - a chunk of flesh


   Skills:
 - Level 3.6 Fighting
 + Level 11.8 Axes
 - Level 2.1 Armour
 - Level 0.7 Dodging
 + Level 10.6 Invocations


You had 8 spell levels left.
You didn't know any spells.

Dungeon Overview and Level Annotations

Branches:
Dungeon (7/15)             Temple (0/1) D:7

Altars:
Gozag
Makhleb
Sif Muna
Trog
Vehumet

Shops:
D:6 *

Annotations:
D:4 exclusion: door
D:6 Menkaure
Abyss:1 Crazy Yiuf


Message History

The bolt of penetration pierces through the orc warrior.
The orc warrior is moderately wounded.
The bolt of penetration closely misses the orc wizard.
The orc wizard miscasts a cantrip.
The hippogriff bites you.
The hippogriff pecks you but does no damage.
The hippogriff claws you. The hippogriff bites you.
The hippogriff barely misses you. The hippogriff closely misses you.
Firing (i - inventory. (,) - cycle):
x - 8 bolts of penetration (quivered)
Press: ? - help, Shift-Dir - straight line, f/p - hippogriff
Aim: a hippogriff (almost dead)
You shoot a bolt of penetration.
The bolt of penetration pierces through the hippogriff!!
You kill the hippogriff!
Lugonu accepts your kill.
The bolt of penetration pierces through the orc warrior!
The orc warrior is severely wounded.
The bolt of penetration barely misses the orc wizard.
The orc warrior hits you with a battleaxe!!
You die...

........# ........#
........# ....#####
....##### ..†.....#####
............#
........PPP.##############
........._......@o.o...(.#
>.........P..###########.##
............## #..#
........##### ##o###
........# #....# #.#######
#....# #. #....#
#####..).#####
........o.'...#


You could see an orc warrior and an orc wizard.

Vanquished Creatures
  Pikel (D:3)
  A hippogriff (D:7)
  A slave (D:3)
  3 black bears (D:7)
  An ogre (D:4)
  A big kobold (D:7)
  2 giant frogs (D:6)
  3 scorpions
  3 crimson imps
  A giant frog zombie (D:6)
  7 orc priests
  A gnoll shaman (D:4)
  2 hounds
  3 orc wizards
  4 worker ants
  A howler monkey zombie (D:5)
  A worker ant zombie (D:5)
  12 gnolls
  5 adders
  An ooze (D:6)
  An adder skeleton (D:7)
  2 worms (D:3)
  3 dart slugs
  5 giant geckos
  9 orcs
  2 giant cockroaches
  7 goblins
  7 hobgoblins
  7 jackals
  12 kobolds
  5 quokkas
  2 ball pythons (D:6)
  11 bats
  A giant gecko skeleton (D:6)
  3 giant newts
  A jackal skeleton (D:5)
  A quokka zombie (D:6)
  6 rats
  A fungus (D:6)
140 creatures vanquished.

Vanquished Creatures (others)
  A scorpion (D:4)
  An adder (D:4)
  A gnoll (D:4)
  An adder skeleton (D:4)
  A giant cockroach (D:4)
  4 jackals (D:4)
  A ball python (D:4)
  A bat (D:1)
  A giant newt (D:4)
  A kobold (D:1)
13 creatures vanquished.

Grand Total: 153 creatures vanquished

Notes
Turn   | Place    | Note
--------------------------------------------------------------
     0 | Abyss:1  | Ratboiler the Hill Orc Abyssal Knight began the quest for the Orb.
     0 | Abyss:1  | Reached XP level 1. HP: 19/19 MP: 2/2
    59 | Abyss:1  | Noticed a great orb of eyes
    59 | D:1      | Escaped the Abyss
   111 | D:1      | Reached skill level 3 in Axes
   388 | D:1      | Reached * piety under Lugonu
   415 | D:1      | Reached XP level 2. HP: 26/26 MP: 3/3
   739 | D:1      | Reached skill level 4 in Axes
  1088 | D:1      | Reached XP level 3. HP: 31/31 MP: 4/4
  1353 | D:2      | Reached skill level 5 in Axes
  2012 | D:2      | Reached XP level 4. HP: 39/39 MP: 5/5
  2341 | D:3      | Reached ** piety under Lugonu
  2370 | D:3      | Reached skill level 6 in Axes
  2835 | D:3      | Found a radiant altar of Vehumet.
  2889 | D:3      | Reached XP level 5. HP: 43/45 MP: 7/7
  3612 | D:4      | Noticed an ogre
  3681 | D:4      | Noticed a slave
  3681 | D:4      | Noticed a slave
  3720 | D:3      | Killed a slave
  3872 | D:4      | Noticed Pikel
  3874 | D:4      | Noticed a slave
  3885 | D:4      | Noticed a slave
  3904 | D:5      | Entered Level 5 of the Dungeon
  4109 | D:5      | Reached skill level 7 in Axes
  4109 | D:5      | Reached XP level 6. HP: 51/51 MP: 7/9
  4125 | D:5      | Noticed an ice beast
  4140 | D:6      | Found Tucvif's Assorted Antiques.
  4145 | D:6      | Bought a scroll of identify for 48 gold pieces
  4397 | D:6      | Reached skill level 5 in Invocations
  4724 | D:6      | Reached skill level 8 in Axes
  4984 | D:6      | Reached XP level 7. HP: 50/57 MP: 11/11
  5034 | D:6      | Found an opulent altar of Gozag.
  5144 | D:3      | Killed Pikel
  5144 | D:3      | Reached skill level 9 in Axes
  5144 | D:3      | Reached XP level 8. HP: 59/64 MP: 11/13
  5257 | D:4      | Found a deep blue altar of Sif Muna.
  5606 | D:4      | Reached *** piety under Lugonu
  5769 | D:4      | Reached skill level 10 in Axes
  7264 | D:6      | Bought a scroll of remove curse for 72 gold pieces
  7264 | D:6      | Bought a scroll labeled HODEDA DYLOEMM for 24 gold pieces
  7434 | D:6      | Found a burning altar of Makhleb.
  7519 | D:6      | Noticed Menkaure
  7606 | D:6      | Noticed Crazy Yiuf
  7620 | D:6      | Banished Crazy Yiuf
  7976 | D:7      | Reached skill level 11 in Axes
  8240 | D:7      | Reached XP level 9. HP: 70/70 MP: 16/16
  8258 | D:7      | Reached skill level 10 in Invocations
  8635 | D:7      | Found a staircase to the Ecumenical Temple.
  8665 | D:7      | Found a bloodstained altar of Trog.
  8717 | D:7      | Reached **** piety under Lugonu
  8826 | D:7      | Slain by an orc warrior

Vault maps used:
D:1:      saegor_arrival_miasma
D:3:      vehumet_crystals, corexii_shack
D:4:      led_sif_book, uniq_pikel
D:5:      lemuel_ice_spiral_2, first_bread, kennysheep_decorative_pillar
D:6:      serial_shops, nicolae_shop_overgrown_old_shop, basic_altar,
          bloody_makhleb, uniq_menkaure, uniq_crazy_yiuf_cottage
D:7:      trog_ov_bears_minmay, minmay_temple_entry_purple_smoke

Skill      XL: |  1  2  3  4  5  6  7  8  9 |
---------------+----------------------------+-----
Axes           | 3 4 5 6 7 8 9 11 | 11.8
Invocations    | 4 5 7 9 10 | 10.6
Fighting       | |  3.6
Armour         | |  2.1
Dodging        | |  0.7

Action                   |  1- 3 |  4- 6 |  7- 9 || total
-------------------------+-------+-------+-------++-------
Melee: Hand axe          |   161 |   181 |       ||   342
       Whip              |       |       |   216 ||   216
 Fire: Blowgun           |       |    47 |    35 ||    82
       Arbalest          |       |       |    37 ||    37
Throw: Stone             |     5 |       |       ||     5
       Tomahawk          |     7 |       |       ||     7
Invok: Depart the Abyss  |     1 |       |       ||     1
       Bend Space        |       |     2 |     3 ||     5
       Banish            |       |       |     3 ||     3
  Use: Scroll            |     7 |     3 |     2 ||    12
       Potion            |     1 |     3 |     1 ||     5
  Eat: Chunk             |     4 |     7 |     4 ||    15
       Beef jerky        |       |     1 |     1 ||     2
       Bread ration      |       |     1 |     1 ||     2
       Pizza             |       |       |     1 ||     1
